 Dungeon Crawl Stone Soup version 0.31-a0-1237-gabc64e778c (webtiles) character file.

Game seed: 16283845978847811119

2748 night the Shooter (level 9, -6/74 HPs)
             Began as a Demigod Hunter on Dec 15, 2023.
             Mangled by a yak (9 damage)
             ... on level 8 of the Dungeon.
             The game lasted 00:14:50 (6767 turns).

night the Shooter (Demigod Hunter)                  Turns: 6767, Time: 00:14:50

Health: -6/74      AC:  4    Str: 12    XL:     9   Next: 18%
Magic:  11/11      EV: 21    Int: 11    God:
Gold:   493        SH:  0    Dex: 29    Spells: 8/8 levels left

rFire   . . .        a - +0 orcbow
rCold   . . .        (shield currently unavailable)
rNeg    . . .        c - +0 leather armour
rPois   .            l - +0 helmet
rElec   .            (no cloak)
rCorr   +            (no gloves)
SInv    .            (no boots)
Will    .....        (no amulet)
Stlth   ++++         h - ring of resist corrosion
HPRegen 0.32/turn    E - +5 ring of evasion
MPRegen 0.12/turn

%: no passive effects
@: no status effects
A: high MP 1, forlorn, divine attributes
a: no special abilities


You were on level 8 of the Dungeon.
You visited 2 branches of the dungeon, and saw 9 of its levels.
You also visited: Sewer.

You collected 493 gold pieces.

Inventory:

Hand Weapons
 a - a +0 orcbow (weapon)
 z - a +0 shortbow
Missiles
 k - 78 stones
 y - 5 atropa-tipped darts
 A - a boomerang
Armour
 c - a +0 leather armour (worn)
 l - a +0 helmet (worn)
Jewellery
 h - a ring of resist corrosion (left hand)
 E - a +5 ring of evasion (right hand)
Talismans
 x - a serpent talisman
Wands
 B - a wand of polymorph (13)
Scrolls
 d - a scroll of silence {unknown}
 e - 4 scrolls of teleportation
 f - 2 scrolls of identify {unknown}
 i - 3 scrolls of immolation {unknown}
 j - a scroll of fog {unknown}
 n - a scroll of noise {unknown}
 p - a scroll of fear {unknown}
 q - 2 scrolls of enchant armour {unknown}
 t - 2 scrolls of blinking {unknown}
 v - 4 scrolls of revelation {unknown}
 w - a scroll of summoning {unknown}
 D - a scroll of enchant weapon {unknown}
Potions
 b - 3 potions of invisibility {unknown}
 g - 4 potions of curing {unknown}
 m - 3 potions of cancellation {unknown}
 o - 3 potions of mutation {unknown}
 r - 3 potions of attraction {unknown}
 s - 3 potions of heal wounds {unknown}
 u - 2 potions of magic {unknown}
 C - a potion of brilliance {unknown}


   Skills:
 + Level 5.1 Fighting
 * Level 7.8 Ranged Weapons
 + Level 5.1 Dodging
 + Level 5.2 Stealth
 + Level 4.5 Evocations


You had 8 spell levels left.
You didn't know any spells.
Your spell library contained the following spells:

 Spells                   Type           Power      Damage    Failure   Level
 Kiss of Death            Conj/Necr      0%         2d5       41%         1
 Necrotise                Necr           0%         1d4       41%         1
 Cigotuvi's Dreadful Rot  Necr/Pois/Air  0%         N/A       56%         2
 Sublimation of Blood     Necr           0%         N/A       56%         2
 Hailstorm                Conj/Ice       0%         3d5       80%         3
 Ignite Poison            Fire/Tmut/Pois 0%         N/A       80%         3
 Ozocubu's Armour         Ice            0%         N/A       80%         3
 Vampiric Draining        Necr           0%         2d6       80%         3
 Petrify                  Tmut/Erth      0%         N/A       99%         4
 Summon Ice Beast         Ice/Summ       0%         N/A       99%         4
 Agony                    Necr           0%         N/A       100%        5
 Freezing Cloud           Conj/Ice/Air   0%         6-21      100%        5
 Irradiate                Conj/Tmut      0%         3d11      100%        5
 Metabolic Englaciation   Hex/Ice        0%         N/A       100%        5
 Simulacrum               Ice/Necr       0%         N/A       100%        6


Dungeon Overview and Level Annotations

Branches:
Dungeon (8/15)             Temple (1/1) D:5           Sewer (visited)
   Lair: D:8-11


Innate Abilities, Weirdness & Mutations

You have an increased reservoir of magic. (+10% MP)
You shall have no god before yourself.
Your divine heritage dramatically boosts your attributes as you level up.


Message History

You shoot an arrow. The arrow hits the yak!
The yak is severely wounded.
The yak closely misses you. The yak gores you.
You shoot an arrow.
The arrow hits the yak but does no damage.
The yak is severely wounded.
The yak misses you. x2
You shoot an arrow. The arrow hits the yak!
You kill the yak!
The yak gores you. The yak gores you! The yak attacks as it pursues you!
The yak gores you!
Things that are here:
a yak corpse; a yak corpse You shoot an arrow.
The arrow hits the yak.
The yak is lightly wounded.
The yak gores you but does no damage.
You shoot an arrow. The arrow hits the yak!
The yak is heavily wounded.
The yak gores you!
* * * LOW HITPOINT WARNING * * *
You shoot an arrow. The arrow hits the yak!
The yak is severely wounded.
The yak completely misses you.
You shoot an arrow. The arrow hits the yak.
The yak is severely wounded.
The yak closely misses you.
You shoot an arrow. The arrow hits the yak.
The yak is almost dead.
The yak gores you!
* * * LOW HITPOINT WARNING * * *
You shoot an arrow. The arrow hits the yak.
The yak is almost dead.
The yak completely misses you.
You shoot an arrow. The arrow completely misses the yak.
The yak gores you but does no damage. The yak closely misses you.
You shoot an arrow.
The arrow hits the yak but does no damage.
The yak is almost dead.
The yak gores you!
You die...

#.........#..## ##....###
#.......##.##.###.......#
#......##.8.##.#.#..#.#.#
#.....####.####..#..#.#.# #
#.#...#.###.#.#..........
#..##.#.#.⌠.###.⌠.#...#.....
#........#.#.###.#..#.#.....
##.###Y#..#.# ##.....#.....
# #@#.###.⌠ ##..###.....
#....# #.# .## #.....
##..#.# ## .. #.....
#.YY...#.⌠[# #.# #.....
#.####..#.## .# #...##
##.### #... .. ... ##. #


You could see a yak.

Vanquished Creatures
  3 yaks (D:8)
  2 orc warriors
  An ice beast (D:6)
  An ogre (D:6)
  A centaur (D:7)
  A bullfrog (D:8)
  A gnoll sergeant (D:5)
  4 scorpions
  8 wights
  3 howler monkeys
  3 hounds
  7 jellies
  7 iguanas
  3 orc priests (D:7)
  A sleepcap (D:7)
  5 orc wizards
  A statue (D:4)
  8 gnolls
  8 adders
  A river rat (Sewer)
  6 worms
  12 orcs
  5 ball pythons
  10 bats
  6 endoplasms
  6 giant cockroaches
  3 goblins
  3 hobgoblins
  4 quokkas
  13 frilled lizards
  4 kobolds
  10 rats
151 creatures vanquished.

Notes
Turn   | Place    | Note
-------+----------+-------------------------------------------
     0 | D:1      | night the Demigod Hunter began the quest for the Orb.
     0 | D:1      | Reached XP level 1. HP: 17/17 MP: 3/3
    27 | D:1      | Reached skill level 1 in Stealth
    68 | D:1      | Reached skill level 2 in Dodging
    68 | D:1      | Reached XP level 2. HP: 24/24 MP: 4/4
    91 | D:1      | Reached skill level 2 in Fighting
   426 | D:1      | Reached XP level 3. HP: 29/29 MP: 5/5
   449 | D:2      | Reached skill level 4 in Ranged Weapons
   681 | D:2      | Got Plato's Papyrus of Combat Magic
   707 | D:2      | Reached skill level 1 in Evocations
  1267 | D:3      | Found a glowing drain.
  1280 | Sewer    | Entered a sewer
  1363 | Sewer    | Reached XP level 4. HP: 36/36 MP: 6/6
  1418 | Sewer    | Reached skill level 2 in Stealth
  1457 | Sewer    | Reached XP level 5. HP: 42/42 MP: 7/7
  2551 | D:5      | Entered Level 5 of the Dungeon
  2568 | D:5      | Reached skill level 2 in Evocations
  2590 | D:5      | Reached XP level 6. HP: 28/50 MP: 8/8
  2687 | D:5      | Found a staircase to the Ecumenical Temple.
  2707 | Temple   | Entered the Ecumenical Temple
  2741 | D:5      | Reached skill level 5 in Ranged Weapons
  3059 | D:5      | Reached XP level 7. HP: 57/57 MP: 9/9
  3118 | D:5      | HP: 7/57 [gnoll sergeant/+0 spear of freezing (12)]
  4022 | D:6      | Reached skill level 6 in Ranged Weapons
  4024 | D:6      | HP: 4/54 [wight/+3 battleaxe (10)]
  4337 | D:6      | Reached XP level 8. HP: 33/66 MP: 10/10
  5517 | D:6      | Reached skill level 7 in Ranged Weapons
  6749 | D:8      | Reached skill level 5 in Fighting
  6749 | D:8      | Reached skill level 5 in Dodging
  6749 | D:8      | Reached skill level 5 in Stealth
  6749 | D:8      | Reached XP level 9. HP: 50/74 MP: 11/11
  6764 | D:8      | HP: 2/74 [yak (14)]
  6767 | D:8      | Mangled by a yak

Illustrated notes

Levels and vault maps discovered:
D:1:      dpeg_arrival_tiny_a, layout_rooms
D:2:      layout_basic, shapermc_ecumenical_altar_rom_forum
D:3:      layout_loops_ring, fedhas_altar_4, cheibrodos_sewer_entry_bend
D:4:      layout_rooms, vehumet_statue, palyth_stone_intersect
D:5:      layout_gridville, nicolae_kikubaaqudgha_miasma_corner,
          amcnicky_altar_gilded, mainiacjoe_overflow_cross_hatched,
          minmay_temple_entry_glassed_door, nicolae_kite_square_tiling_tiny,
          minmay_misc_feat_enclosed
D:6:      layout_gridville, mainiacjoe_overflow_alcove_1, lemuel_crystal_altar,
          grunt_decor_arrowhead
D:7:      layout_rooms, nemelex_xobeh_ov_fountains_minmay
D:8:      layout_loops_ring, lemuel_mausoleum_altar_yredelemnul,
          grunt_gozag_statues, grunt_decor_mini_mirrors, lightli_corner_chamber,
          uniq_erica
Temple:   nicolae_temple_godpark

Skill      XL: |  1  2  3  4  5  6  7  8 |
---------------+-------------------------+-----
Stealth        | 1 2 3 5 |  5.2
Dodging        | 2 3 4 5 |  5.1
Fighting       | 2 3 4 5 |  5.1
Ranged Weapons | 4 5 6 7 |  7.8
Evocations     | 1 2 3 4 |  4.5

Action                     |  1- 3 |  4- 6 |  7- 9 || total
---------------------------+-------+-------+-------++-------
  Melee: Unarmed           |       |       |     1 ||     1
   Fire: Shortbow          |   135 |   189 |   270 ||   594
         Orcbow            |       |       |    65 ||    65
    Use: Scroll            |       |       |     2 ||     2
 Armour: Leather armour    |    25 |    28 |   117 ||   170
         Skin              |       |       |     2 ||     2
  Dodge: Dodged            |    25 |    65 |   153 ||   243

Table legend: (Time is in decaauts)
 A = Elapsed time spent in this place.
 B = Non-inter-level travel time spent in this place.
 C = Inter-level travel time spent in this place.
 D = Time resting spent in this place.
 E = Time spent auto-exploring this place.
 F = Levels seen in this place.
 G = Mean time per level.
                   A        B        C        D        E       F      G
               +--------+--------+--------+--------+--------+-----+--------+
         Total |   6914 |   6649 |    265 |   1255 |   4076 |  10 |  691.4 |
       Dungeon |   6591 |   6326 |    265 |   1255 |   3924 |   8 |  823.9 |
        Temple |      1 |      1 |      0 |      0 |      0 |   1 |    1.0 |
         Sewer |    321 |    321 |      0 |      0 |    151 |   1 |  321.0 |
               +--------+--------+--------+--------+--------+-----+--------+

Top non-repeatable levels by time:
     D:6: 2095 daAuts
     D:5: 1028 daAuts
     D:7: 1021 daAuts
     D:3: 898 daAuts
     D:4: 512 daAuts
     D:1: 456 daAuts
     D:2: 450 daAuts
   Sewer: 321 daAuts
     D:8: 127 daAuts
  Temple: 1 daAuts
